Map: Pillars of Gold LE

Players

Barcode

  • Race: Terran Terran
  • League: Platinum
  • Spawn Location: 7:00

DANKCRAFT - Winner!

  • Race: Zerg Zerg
  • League: Platinum
  • Spawn Location: 1:00

VOD

Have the link to the VOD?

Description

Time

  • Played on: Jan. 29, 2021, 8:40 p.m.
  • Length: 14:44
Show
View Real Time Build Order
Export as new Build Order

Barcode Terran 

Build Orders: Mech 

Get SALT Encoding   

  12  0:00  SCV  
  13  0:12  SCV  
  14  0:19  Supply Depot  
  14  0:25  SCV  
  15  0:41  SCV, Barracks  
  16  0:53  SCV  
  17  1:01  Refinery  
  17  1:05  SCV  
  18  1:17  SCV  
  19  1:29  Marine  
  21  1:36  Orbital Command  
  20  1:46  Command Center  
  20  1:58  Barracks Reactor  
  20  2:03  SCV  
  20  2:06  Supply Depot  
  21  2:22  Bunker  
  20  2:36  Marine  
  20  2:37  Marine  
  22  2:47  SCV  
  22  2:52  Factory  
  22  2:55  Marine x2  
  23  3:01  Refinery  
  23  3:04  SCV  
  23  3:05  Command Center  
  24  3:13  Bunker  
  24  3:21  SCV  
  24  3:24  Supply Depot  
  25  3:30  Marine x2  
  27  3:41  Factory Tech Lab  
  27  3:49  Bunker  
  27  3:52  SCV  
  28  4:02  Marine x2  
  29  4:04  SCV  
  29  4:06  Siege Tank  
  34  4:12  Starport  
  34  4:17  SCV, Orbital Command  
  35  4:29  SCV  
  35  4:41  SCV  
  35  4:44  Marine x2  
  38  4:46  SCV  
  39  4:53  SCV  
  39  4:58  SCV  
  41  5:04  Factory Tech Lab  
  41  5:05  Cloaking Field, Banshee  
  44  5:53  Siege Tank  
  44  5:54  Marine x2  
  49  5:57  Banshee  
  49  5:58  SCV  
  50  6:27  Command Center  
  50  6:44  Siege Tank  
  53  7:17  SCV  
  54  7:35  Supply Depot  
  54  7:37  Supply Depot  
  54  7:38  Supply Depot  
  54  7:39  SCV  
  54  7:41  Supply Depot  
  54  7:42  Factory  
  55  7:46  Factory  
  52  8:29  Siege Tank  
  52  8:31  Marine  
  56  8:36  Factory Tech Lab  
  56  8:37  Factory Tech Lab  
  56  8:41  SCV  
  57  8:53  SCV  
  58  9:01  Armory  
  58  9:05  SCV  
  58  9:08  Factory, Orbital Command  
  59  9:10  Factory  
  59  9:15  Refinery  
  59  9:16  Engineering Bay  
  59  9:17  Orbital Command  
  59  9:20  Siege Tank  
  59  9:21  Refinery  
  59  9:23  Hellion x2  
  66  9:24  SCV  
  67  9:36  SCV  
  68  9:44  Hellion  
  68  9:45  Command Center  
  70  9:47  SCV x2  
  70  9:48  SCV, Thor  
  79  10:01  Factory Reactor  
  79  10:05  Starport Reactor  
  79  10:17  Thor  
  79  10:18  Thor  
  81  10:56  SCV x2  
  82  11:01  Hellion x2  
  86  11:16  SCV x2  
  88  11:39  Hellion  
  92  11:40  Hellion  
  92  11:44  Orbital Command  
  92  12:19  Planetary Fortress  
  90  13:00  SCV x2  
  90  13:03  Hellion x3  
  90  13:04  Hellion x3  
  104  13:23  Missile Turret  
  104  13:24  Hellion, Missile Turret  
  104  13:25  Hellion  
  108  13:34  Supply Depot  
  108  13:36  Supply Depot  
  108  13:37  Supply Depot  
  108  13:39  Supply Depot, Missile Turret  
  96  14:01  Hellion x2  
  100  14:13  Hellion  
  100  14:14  Hellion x3  
Show
View Real Time Build Order
Export as new Build Order

DANKCRAFT Zerg - Winner!

Build Orders: Pool First 

Get SALT Encoding   

  12  0:01  Drone  
  13  0:08  Drone  
  14  0:18  Overlord  
  14  0:43  Drone x3  
  14  0:47  Spawning Pool  
  16  0:50  Extractor  
  15  1:16  Drone x2  
  17  1:34  Zergling x2  
  17  1:35  Zergling x2  
  17  1:38  Zergling x2  
  20  1:41  Hatchery  
  19  2:06  Hatchery  
  18  2:08  Drone  
  18  2:10  Drone  
  18  2:14  Drone  
  21  2:31  Roach Warren  
  21  2:33  Drone  
  21  2:38  Drone  
  22  2:58  Drone x2  
  26  3:08  Queen  
  28  3:16  Overlord  
  28  3:22  Queen  
  28  3:29  Drone  
  28  3:31  Drone  
  30  3:37  Drone x5  
  30  3:41  Drone  
  36  3:48  Spine Crawler  
  36  3:53  Spine Crawler  
  34  3:58  Drone x2  
  35  4:09  Drone x2  
  37  4:16  Spore Crawler  
  36  4:17  Spore Crawler  
  36  4:20  Drone x2, Extractor  
  36  4:40  Queen  
  36  4:44  Drone x3  
  36  4:45  Overlord x3  
  41  4:48  Overlord  
  41  4:53  Metabolic Boost  
  41  4:55  Lair  
  41  5:05  Drone x4  
  45  5:23  Drone x3  
  45  5:25  Extractor  
  47  5:28  Extractor  
  45  5:38  Hatchery  
  43  5:45  Burrow  
  43  5:48  Drone x3  
  43  5:49  Drone x3  
  53  6:25  Roach x2  
  53  6:26  Roach x6  
  53  6:27  Roach  
  67  6:36  Overseer  
  65  6:42  Spore Crawler x2  
  65  6:45  Spore Crawler  
  61  6:56  Queen  
  63  7:01  Spire  
  63  7:05  Spore Crawler  
  61  7:19  Tunneling Claws  
  61  7:21  Queen  
  61  7:31  Queen  
  61  7:32  Queen  
  65  7:41  Drone x6  
  65  7:42  Drone x2  
  73  8:24  Overlord  
  73  8:25  Overlord x4  
  73  8:35  Spore Crawler  
  73  8:36  Spore Crawler  
  73  8:37  Glial Reconstitution  
  73  8:38  Drone x2  
  73  8:53  Extractor, Queen, Overlord  
  73  8:54  Extractor, Corruptor  
  73  8:55  Corruptor x4  
  83  9:00  Corruptor x3  
  89  9:07  Baneling Nest  
  88  9:17  Overlord  
  88  9:19  Overlord  
  88  9:21  Overlord  
  88  9:22  Overlord  
  88  9:29  Drone  
  88  9:30  Drone x3  
  92  9:42  Corruptor x2  
  92  9:43  Corruptor  
  98  9:56  Hydralisk Den  
  97  10:08  Queen  
  97  10:10  Infestation Pit  
  97  10:11  Roach x8  
  96  10:23  Overlord x5  
  96  10:32  Roach x7  
  94  11:01  Hydralisk x3  
  94  11:03  Roach x2  
  104  11:04  Zergling x4  
  104  11:05  Zergling x4  
  133  12:01  Drone  
  148  12:19  Drone x2  
  159  12:31  Roach x4  
  159  12:32  Roach x2  
  159  12:39  Hatchery  
  156  12:49  Hatchery  
  154  12:51  Hatchery  
  186  14:02  Corruptor x5  
Tags
 
Composition
Mech
Matchup
TvZ
Opening
Pool First
Spawn Locations
Cross Positions
Add a new tag
Caveats
  • Supply blocks, unpowered buildings, or Contaminate may cause inaccurate times.
  • Supply counts are checked every 10 seconds.